Unix NetHack Version 5.0.0-0 post-release - last build Jun 10 2026 00:39:30 (3ee93aec679c4c4259841fe613dc97188e26a321,branch:main).

Game began 2026-06-13 11:38:56, ended 2026-06-14 01:07:24.

Drastanta, lawful male human Samurai

                                                                          --
           ----    ----       ---                                      ---.--
         ---..--   |..--      |.-----                     -----        |....|
        --.....-----...--------...|.----------------     --...|       --...--
        |....................................^.....--    |...-      ---.-.--
        ----------------.....----...*.---------.....|    |.---     --.....--
                  |    -----...----.)[.|    --..|...|-----.|       |.......--
                ---.       |.......)...------...|...||.....|       |.---....|
                |....- -- --..------.|..............-|.-----    ----.----...--
               --..... |.--..0|-----)---..--.........|.|      --|......|---^.--
               |.............--.--....---..............|    ---.|.-....|  |-..|
              --....................%[....%...--....---------......@d.----|...|
            ---.................<...........).................|......-- |.--.--
  -..    -- |..............---.........)....----.....----------..d..-- --..---
  --...........!..............^.........)--------.-..---.--- |...^..|  |....|
  |......................(.................................---.....------...--
  -- --.  --- -- ---..............------------------.........................|
      --           ----.........---                -----...........---------.--
                      |....--.---                      |...........|       |..|
                      ---.- --                         |.)|.|.|.----       |..|
                        --                             ----------          ----
Drastanta the Ninja    St:16 Dx:15 Co:18 In:10 Wi:9 Ch:7  Lawful
Dlvl:6  $:102 HP:0(57) Pw:20(20) AC:4  Xp:6 T:2583 

Latest messages:
 The Uruk-hai picks up 23 gold pieces.
 You hit the giant beetle!
 You hit the giant beetle!
 You miss the giant beetle.
 The giant beetle bites!
 You miss the giant beetle.
 You kill the giant beetle!
 The Uruk-hai shoots 2 poisoned orcish arrows!
 The 1st poisoned orcish arrow misses the Uruk-hai.
 The 1st poisoned orcish arrow misses Hachi.
 You are hit by the 1st poisoned orcish arrow.
 The 2nd poisoned orcish arrow hits the Uruk-hai!
 The poison doesn't seem to affect the Uruk-hai.
 You can hear again.
 The Uruk-hai wields an orcish short sword!
 You stop.  Hachi is in the way!
 You already found a monster.  Use 'm' prefix to force another search.
 You kill the gecko!
 The Uruk-hai picks up a poisoned orcish arrow.
 The Uruk-hai picks up a bronze plate mail.
 The Uruk-hai shoots 2 poisoned orcish arrows!
 You are hit by the 1st poisoned orcish arrow!
 You are hit by the 2nd poisoned orcish arrow!
 The Uruk-hai puts on a bronze plate mail.
 The Uruk-hai shoots 2 poisoned orcish arrows!
 The Uruk-hai misfires!
 The 1st poisoned orcish arrow misses.
 You are hit by the 2nd poisoned orcish arrow.
 You hear the howling of the CwnAnnwn...
 You feel your magical energy drain away!
 The dog bites!
 The dog bites!
 You miss the dog.
 The dog bites!
 You hit the dog!
 The dog bites!
 What do you want to throw? [$cdl or ?*] <esc>
 Never mind.
 What do you want to write with? [- acdhlH or ?*] ?
 You engrave in the floor with a wand of digging.
 What do you want to engrave in the floor here? Elbereth
 Gravel flies up from the floor.
 You hit the dog!
 You feel like a hypocrite.
 The engraving beneath you fades.
 The dog bites!
 The dog bites!
 You die...
 Do you want your possessions identified? [ynq] (y) y
 Do you want to see your attributes? [ynq] (y) q

Inventory:
 Coins    ('$')
  $ - 102 gold pieces
 Amulets  ('"')
  v - an uncursed amulet of ESP (being worn)
  A - a cursed amulet of ESP
 Weapons  (')')
  d - 43 +0 ya (in quiver)
  c - a +0 yumi (alternate weapon; not wielded)
  l - 6 +0 shuriken
  a - a +0 katana (weapon in left hand)
 Armor    ('[')
  I - an uncursed +0 helm of caution
  z - a cursed -1 pair of iron shoes
  w - an uncursed +0 leather jacket
  e - a blessed rustproof +0 splint mail (being worn)
 Comestibles  ('%')
  f - 3 uncursed gunyoki
 Scrolls  ('?')
  N - an uncursed scroll of charging
  q - an uncursed scroll of confuse monster
  F - an uncursed scroll of destroy armor
  J - an uncursed scroll of fire
  u - an uncursed scroll of genocide
  K - an uncursed scroll of identify
  D - a cursed scroll of magic mapping
 Potions  ('!')
  B - an uncursed potion of enlightenment
  p - a potion of holy water
  t - an uncursed potion of water
 Wands    ('/')
  H - a wand of digging (0:2)
  h - a wand of lightning (0:5)
 Tools    ('(')
  G - an uncursed credit card

Drastanta the Samurai's attributes:

Background:
 You were a Ninja, a level 6 male human Samurai.
 You were lawful, on a mission for Amaterasu Omikami
 who was opposed by Raijin (neutral) and Susanowo (chaotic).
 You were left-handed.
 You were in the Gnomish Mines, on level 6.
 You entered the dungeon 2583 turns ago.
 It was nighttime.
 There was a new moon in effect when your adventure ended.
 You had 520 experience points, 120 more were needed to attain level 7.

Basics:
 You had 0 out of 57 hit points.
 You had all 20 energy points (spell power).
 Your armor class was 4.
 Your wallet contained 102 zorkmids.
 Autopickup was on for '$' plus thrown.

Final Characteristics:
 Your strength was 16 (limit:18/100).
 Your dexterity was 15 (limit:18).
 Your constitution was 18 (limit:18).
 Your intelligence was 10 (limit:18).
 Your wisdom was 9 (limit:18).
 Your charisma was 7 (limit:18).

Final Status:
 You weren't hungry.
 You were unencumbered.
 You were wielding a long sword.
 You were skilled in long sword.

Final Attributes:
 You were devoutly aligned.
 You were telepathic.
 You were warded.
 You were fast.
 You are dead.

Miscellaneous:
 You didn't encounter any bones levels.
 Total elapsed playing time was 21 minutes and 23 seconds.

Major events:
 Turn
    1: Drastanta the lawful male human Samurai entered the dungeon
 1456: entered the Gnomish Mines
 1458: attained the rank of Ronin (level 3)
 2317: attained the rank of Ninja (level 6)
 2583: killed by a dog

You didn't know any spells.

Skills:
 Fighting Skills
   martial arts      [Basic]
   two weapon combat [Unskilled]
   riding            [Unskilled]
 Weapon Skills
   dagger            [Unskilled]
   knife             [Unskilled]
   short sword       [Basic]
   broadsword        [Unskilled]
   long sword        [Skilled]
   two-handed sword  [Unskilled]
   saber             [Unskilled]
   flail             [Unskilled]
   quarterstaff      [Unskilled]
   polearms          [Unskilled]
   spear             [Unskilled]
   lance             [Unskilled]
   bow               [Basic]
   shuriken          [Unskilled]
 Spellcasting Skills
   attack spells     [Unskilled]
   divination spells [Unskilled]
   clerical spells   [Unskilled]

Voluntary challenges:
 Character rerolling was not enabled.
 You never genocided any monsters.
 You never polymorphed an object.
 You never changed form.
 You used no wishes.
Achievements:
 You entered the Gnomish Mines.
 You attained the rank of Ronin.
 You attained the rank of Ninja.

 The Dungeons of Doom: levels 1 to 5
    Level 1:
       A fountain.
    Level 2:
       An altar.
    Level 3:
       Many altars, a fountain.
    Level 4:
       A fountain, a grave.
       Stairs down to The Gnomish Mines.
    Level 5:
 The Gnomish Mines: levels 5 to 7
    Level 5:
    Level 6: <- You were here.
       Final resting place for
          you, killed by a dog.
    Level 7:


Vanquished creatures:
  a giant beetle
  a dingo
  a bugbear
  6 Uruk-hai
  a rock piercer
  5 gnome leaders
  a gray ooze
  3 giant ants
  a dwarf
  a kobold leader
  5 hill orcs
  2 monkeys
  2 hobbits
  2 giant rats
  a yellow mold
  a green mold
 22 gnomes
  a gnome zombie
  3 geckos
  4 jackals
  a fox
  a goblin
  a sewer rat
  5 grid bugs
  a lichen
  a kobold zombie
  2 newts
76 creatures vanquished.

No species were genocided or became extinct.

Game over:
                       ----------
                      /          \
                     /    REST    \
                    /      IN      \
                   /     PEACE      \
                  /                  \
                  |    Drastanta     |
                  |      102 Au      |
                  | killed by a dog  |
                  |                  |
                  |                  |
                  |                  |
                  |       2026       |
                 *|     *  *  *      | *
        _________)/\\_//(\/(/\)/\//\/|_)_______

Sayonara Drastanta the Samurai...

You died in The Gnomish Mines on dungeon level 6 with 2482 points,
and 102 pieces of gold, after 2583 moves.
You were level 6 with a maximum of 57 hit points when you died.

